[Event "Late-Titled-Tuesday-Blitz-September-26-2023"]
[Site "Chess.com"]
[Date "2023.09.26"]
[Round "11"]
[White "Njal28"]
[Black "dropstoneDP"]
[Result "1-0"]
[WhiteElo "3117"]
[BlackElo "3125"]
[TimeControl "180+1"]
[EndTime "15:59:28 PDT"]
[Termination "Njal28 won on time"]

1. e4 e5 2. Nf3 Nf6 3. Nxe5 d6 4. Nf3 Nxe4 5. d4 d5 6. Bd3 Bd6 7. O-O O-O 8. c4 c6 9. Nc3 Nxc3 10. bxc3 dxc4 11. Bxc4 Bg4 12. h3 Bh5 13. g4 Bg6 14. Ne5 b5 15. Bb3 Nd7 16. Nxg6 hxg6 17. Kg2 a5 18.
Rh1 a4 19. Bc2 Qh4 20. Qf3 Nf6 21. Qxc6 Rad8 22. Qf3 Bc7 23. Rb1 Rd5 24. Bd2 Ba5 25.
a3 Rxd4 26. cxd4 Bxd2 27. Rxb5 Rc8 28. Rc5 Rd8 29. Bxa4 Rxd4 30. Rc8+ Kh7 31. Qa8 Kh6 32. Rh8+ Nh7 33. Qg8 Kg5 34. Rxh7 Rxg4+ 35. Kf1 1-0

[Event "Late-Titled-Tuesday-Blitz-September-26-2023"]
[Site "Chess.com"]
[Date "2023.09.26"]
[Round "11"]
[White "gabduschew"]
[Black "brm72"]
[Result "1-0"]
[WhiteElo "2408"]
[BlackElo "2501"]
[TimeControl "180+1"]
[EndTime "15:59:33 PDT"]
[Termination "gabduschew won by resignation"]

1. c4 c5 2. g3 Nc6 3. Bg2 g6 4. Nc3 Bg7 5. d3 e5 6. a3 a5 7. Nf3 d6 8. O-O Nge7 9. Ne1 Be6 10. Nd5 O-O 11. Nc2 Rb8 12. Bg5 f6 13. Bd2 b5 14.
b3 a4 15. bxa4 bxc4 16. dxc4 Nd4 17. e3 Nxc2 18. Qxc2 f5 19. Rab1 Nxd5 20. Bxd5 Bxd5 21. cxd5 Qd7 22. a5 h5 23. Qc4 Bh6 24. f4 exf4 25. gxf4 g5 26. Rb6 gxf4 27. exf4 Kh7 28.
Bc3 Rg8+ 29. Kh1 Qe8 30. Rxb8 Qxb8 31. Qd3 Qf8 32. a6 Qf7 33. Rb1 Qg6 34. Rb7+ Bg7 35. Rxg7+ Rxg7 36. Bxg7 Qxg7 37. Qxf5+ Kh8 38. Qxh5+ Kg8 39.
Qg5 1-0

[Event "Late-Titled-Tuesday-Blitz-September-26-2023"]
[Site "Chess.com"]
[Date "2023.09.26"]
[Round "11"]
[White "Vadim_Biliy"]
[Black "miraitrunks"]
[Result "0-1"]
[WhiteElo "2298"]
[BlackElo "2187"]
[TimeControl "180+1"]
[EndTime "15:59:33 PDT"]
[Termination "miraitrunks won by resignation"]

1. d4 d5 2. Nf3 Nf6 3. e3 Bf5 4. c4 e6 5. Nbd2 c6 6. Qb3 Qb6 7. c5 Qxb3 8. axb3 a5 9. b4 b6 10. cxb6 Bxb4 11. Ne5 Nfd7 12. Nd3 Bxd3 13. Bxd3 Nxb6 14.
Ke2 N8d7 15. Nb3 O-O 16. Bd2 Nc4 17. Bc3 Ndb6 18. Rhc1 g6 19. Nc5 Rfb8 20. Na4 Nxa4 21. Rxa4 Bxc3 22. bxc3 Rb2+ 23. Rc2 Rab8 24. Ra2 Rxc2+ 25.
Bxc2 Kf8 26. Ba4 Rb6 27. f3 Ke7 28. e4 Kd6 29. e5+ Kc7 30. f4 Rb2+ 31. Rxb2 Nxb2 32. Bb3 a4 33. Ba2 a3 34. Kf3 Kb6 35. Kg4 c5 36.
Kg5 Nd1 37. Kh6 Nxc3 38. dxc5+ Kxc5 39. Bb3 a2 40. Bxa2 Nxa2 41. Kxh7 d4 42. Kg7 d3 43. Kxf7 d2 44. Kxg6 d1=Q 45. h3 Qd3+ 46. Kh6 Qg3 0-1

[Event "Late-Titled-Tuesday-Blitz-September-26-2023"]
[Site "Chess.com"]
[Date "2023.09.26"]
[Round "11"]
[White "Defenstrator"]
[Black "arminmusovic"]
[Result "0-1"]
[WhiteElo "2394"]
[BlackElo "2518"]
[TimeControl "180+1"]
[EndTime "15:59:40 PDT"]
[Termination "arminmusovic won by resignation"]

1. a3 a6 2. Nc3 d5 3. e4 dxe4 4. Nxe4 Nf6 5. Nxf6+ exf6 6. d4 Bd6 7. Bd3 O-O 8. Qh5 Re8+ 9. Ne2 g6 10. Qh6 Bf8 11. Qh4 Nc6 12. O-O Bg7 13. Bc4 Be6 14. d5 Bxd5 15. Rd1 Ne7 16. Bxd5 Nxd5 17. Nf4 g5 18. Qh5 gxf4 19. c4 Qe7 20. Bd2 Nb6 21.
Bb4 Qe2 22. Qc5 Qxc4 23. Qf5 Re5 24. Qh3 Rae8 25. Rac1 Qe6 26. Qf3 Nd5 27. Bc5 Re1+ 0-1

[Event "Late-Titled-Tuesday-Blitz-September-26-2023"]
[Site "Chess.com"]
[Date "2023.09.26"]
[Round "11"]
[White "orestn"]
[Black "kai_nov"]
[Result "1-0"]
[WhiteElo "2415"]
[BlackElo "2272"]
[TimeControl "180+1"]
[EndTime "15:59:45 PDT"]
[Termination "orestn won on time"]

1. e4 c5 2. Nf3 Nc6 3. d4 cxd4 4. Nxd4 Nf6 5. Nc3 e5 6. Ndb5 d6 7. Nd5 Nxd5 8. exd5 Nb8 9. a4 Be7 10. Bd2 O-O 11.
a5 f5 12. Be2 a6 13. Na3 Nd7 14. Nc4 e4 15. Bc3 Bf6 16. Nxd6 Bxc3+ 17. bxc3 Qf6 18. Nc4 Qxc3+ 19. Kf1 f4 20. Ra3 Qf6 21. f3 Nc5 22.
Nb6 Rb8 23. Qa1 Qg6 24. Qd4 exf3 25. Bxf3 Qxc2 26. Rc3 Qb1+ 27. Qd1 Qb4 28. Qc2 Bf5 29. Qd2 Qb1+ 30. Rc1 1-0

[Event "Late-Titled-Tuesday-Blitz-September-26-2023"]
[Site "Chess.com"]
[Date "2023.09.26"]
[Round "11"]
[White "Rutricks"]
[Black "Zavgorodniy_Sergiy"]
[Result "0-1"]
[WhiteElo "2674"]
[BlackElo "2600"]
[TimeControl "180+1"]
[EndTime "15:59:49 PDT"]
[Termination "Zavgorodniy_Sergiy won by resignation"]

1. g4 c5 2. Bg2 Nc6 3. a3 d6 4. h3 g6 5. b4 cxb4 6. axb4 Nxb4 7. c4 Nc6 8. d4 Bg7 9. Nf3 Nf6 10. Nc3 O-O 11. O-O a6 12. Rb1 Qc7 13. Bg5 h6 14. Bxf6 exf6 15. Nd5 Qd8 16. Nb6 Rb8 17. e3 f5 18. Ne1 fxg4 19. hxg4 Qh4 20. Nxc8 Rfxc8 21. Nd3 b5 22. cxb5 axb5 23. Nf4 Ne7 24.
Bf3 Qg5 25. Kg2 b4 26. Rh1 Rc3 27. Qa4 b3 28. Ne2 Rc2 29. Rxb3 Rbc8 30. Rb7 h5 31. Qd7 Bf8 32. Ng3 Qxe3 33. Ne4 d5 34. Qxc8 Nxc8 35.
Nf6+ Kg7 0-1

[Event "Late-Titled-Tuesday-Blitz-September-26-2023"]
[Site "Chess.com"]
[Date "2023.09.26"]
[Round "11"]
[White "HajiyevKanan"]
[Black "Chessbard1972"]
[Result "1-0"]
[WhiteElo "2486"]
[BlackElo "2373"]
[TimeControl "180+1"]
[EndTime "15:59:51 PDT"]
[Termination "HajiyevKanan won by resignation"]

1. d4 Nf6 2. Nf3 g6 3. c4 Bg7 4. Nc3 O-O 5. g3 d5 6. Bg2 Nc6 7. cxd5 Nxd5 8. O-O Nb6 9. e3 Re8 10. a4 a5 11. d5 Nb4 12. e4 c6 13. dxc6 bxc6 14.
Bg5 Ba6 15. Qxd8 Raxd8 16. Rfd1 Nd3 17. Bf1 f6 18. Be3 Nc8 19. Nd4 Nb4 20. Bxa6 Nxa6 21. Nxc6 Rxd1+ 22. Rxd1 f5 23. e5 Nb4 24. Nxa5 Bxe5 25. Bc5 Nd6 26. Bxb4 Rb8 27. Nc6 Bf6 28. Nxb8 1-0

[Event "Late-Titled-Tuesday-Blitz-September-26-2023"]
[Site "Chess.com"]
[Date "2023.09.26"]
[Round "11"]
[White "CURRUTACO59"]
[Black "GMJustin"]
[Result "1-0"]
[WhiteElo "2254"]
[BlackElo "2199"]
[TimeControl "180+1"]
[EndTime "15:59:54 PDT"]
[Termination "CURRUTACO59 won on time"]

1. Nf3 h6 2. d4 g5 3. e4 Bg7 4.
c3 d6 5. Bd3 c5 6. h3 Nc6 7.
Be3 Qb6 8. Qd2 Bd7 9. d5 Ne5 10. Nxe5 Bxe5 11. Na3 Qc7 12. Nc4 Bg7 13. a4 Nf6 14.
O-O O-O 15. f4 g4 16. f5 gxh3 17. gxh3 Kh7 18. Kh1 Rg8 19. Rg1 b6 20. Rg2 a6 21. b3 b5 22. axb5 axb5 23. Rxa8 Rxa8 24. Nb2 Qd8 25. Qf2 Ra1+ 26. Kh2 Ra2 27. Qh4 Qg8 28. Bb1 Rxb2 29. Rxb2 1-0

[Event "Late-Titled-Tuesday-Blitz-September-26-2023"]
[Site "Chess.com"]
[Date "2023.09.26"]
[Round "11"]
[White "Oleksandr_Bortnyk"]
[Black "vugarrasulov"]
[Result "1-0"]
[WhiteElo "3023"]
[BlackElo "2948"]
[TimeControl "180+1"]
[EndTime "15:59:56 PDT"]
[Termination "Oleksandr_Bortnyk won by resignation"]

1. e4 c5 2. Be2 Nc6 3. f4 g6 4. Nf3 Bg7 5. c3 d5 6. d3 dxe4 7. dxe4 Qxd1+ 8. Bxd1 b6 9. Ba4 Bd7 10. Be3 O-O-O 11. Nbd2 Nf6 12. h3 Kb7 13. O-O-O h6 14. g4 a6 15. Bb3 e6 16. g5 Nh5 17. Nc4 Kc7 18. Nd6 Rdf8 19. f5 gxf5 20. exf5 Ne5 21.
gxh6 Nxf3 22. hxg7 Nxg7 23. f6 Nh5 24. Nc4 Bc6 25. Rhf1 Rhg8 26. Bh6 Rd8 27. Rxd8 Rxd8 28. Bd1 Ng3 29. Bf4+ Kb7 30. Bxg3 Ng5 31. Nd6+ Ka7 32. h4 Nh7 33. Nxf7 Rf8 34. Ne5 Bb5 35. c4 Be8 36. f7 1-0

[Event "Late-Titled-Tuesday-Blitz-September-26-2023"]
[Site "Chess.com"]
[Date "2023.09.26"]
[Round "11"]
[White "djano"]
[Black "2k28Lakers"]
[Result "1-0"]
[WhiteElo "2657"]
[BlackElo "2564"]
[TimeControl "180+1"]
[EndTime "15:59:56 PDT"]
[Termination "djano won on time"]

1. d4 Nf6 2. Bf4 c5 3. d5 d6 4. Nc3 g6 5. e4 Bg7 6. Bb5+ Nbd7 7. a4 O-O 8. Nf3 a6 9. Bd3 Nh5 10. Bg5 Ne5 11. O-O Bg4 12. Be2 Bxf3 13. Bxf3 Nxf3+ 14. Qxf3 Bf6 15. Bd2 Rb8 16. a5 Bd4 17. Ra2 Nf6 18.
Ne2 Be5 19. Bc3 Nd7 20. Qd3 Bxc3 21. Nxc3 Qc7 22. f4 c4 23. Qh3 b5 24. Kh1 b4 25.
Ne2 b3 26. cxb3 cxb3 27. Ra3 Nc5 28. Qe3 Rb4 29. Nd4 Rfb8 30. f5 Rf8 31. h4 Rc4 32. h5 gxh5 33. f6 exf6 34. Nf5 Rxe4 35. Qh6 Rg4 36.
Qxf6 Rg6 37. Ne7+ Qxe7 38. Qxe7 Kg7 39. Raa1 Rc8 40. Rxf7+ 1-0

[Event "Late-Titled-Tuesday-Blitz-September-26-2023"]
[Site "Chess.com"]
[Date "2023.09.26"]
[Round "11"]
[White "Roedor"]
[Black "aNaartjieZA"]
[Result "1-0"]
[WhiteElo "2396"]
[BlackElo "2572"]
[TimeControl "180+1"]
[EndTime "15:59:57 PDT"]
[Termination "Roedor won by checkmate"]

1. d4 Nf6 2. c4 c5 3. d5 e5 4. Nc3 d6 5. e4 Nbd7 6. g3 h5 7. h4 Be7 8. Bg2 a6 9. a4 Nf8 10. Nge2 N6d7 11. Be3 g5 12. Bxg5 Bxg5 13.
hxg5 Qxg5 14. Qd2 Qg6 15. a5 Rb8 16. Bh3 b6 17. Bf5 Qg7 18. axb6 Rxb6 19. Nb5 axb5 20. Ra8 b4 21. Rxc8+ Ke7 22. Qc2 Ra6 23. O-O h4 24. Kg2 Ra7 25. Rh1 hxg3 26. Rxh8 Qxh8 27. Nxg3 Ra1 28.
Qd2 Qg7 29. Rc7 Kd8 30. Rb7 Qh8 31. Qg5+ f6 32. Qg4 Kc8 33. Rxd7 Nxd7 34. Bxd7+ Kb8 35. Bb5 Qd8 36. Qe6 Ra7 37. Kf3 Re7 38. Qxf6 Qc7 39. Ke3 Rf7 40. Qe6 Rf4 41. Nf5 Qh7 42. Qxd6+ Ka7 43.
Qxc5+ Kb8 44. Qb6+ Kc8 45. Ba6+ Kd7 46. Qc6+ Kd8 47.
Qc8# 1-0

[Event "Late-Titled-Tuesday-Blitz-September-26-2023"]
[Site "Chess.com"]
[Date "2023.09.26"]
[Round "11"]
[White "Fan_Of_Chucky"]
[Black "korason34"]
[Result "1/2-1/2"]
[WhiteElo "2520"]
[BlackElo "2637"]
[TimeControl "180+1"]
[EndTime "16:00:03 PDT"]
[Termination "Game drawn - insufficient material"]

1. d4 g6 2. c4 Bg7 3. Nc3 d6 4. e4 Nf6 5. h3 Nbd7 6. Be3 O-O 7. Nf3 e5 8. d5 a6 9. g4 b6 10. Be2 Nc5 11. Nd2 a5 12. h4 Nfd7 13. h5 f5 14. hxg6 hxg6 15. gxf5 gxf5 16. exf5 Nf6 17. Qc2 e4 18.
Bxc5 bxc5 19. Ndxe4 Bxf5 20. Nxf6+ Qxf6 21. Qd2 a4 22. a3 Rab8 23. Nxa4 Be6 24. dxe6 Qxf2+ 25. Kd1 Qg2 26. Kc2 Rf2 27. Rae1 Qe4+ 28. Qd3 Qxe6 29.
Qh7+ Kf8 30. Rhf1 Rxf1 31. Rxf1+ Ke8 32. Bh5+ Kd8 33. Qxg7 Qxc4+ 34. Nc3 Qxf1 35. Qg8+ Kd7 36. Qxb8 Qf5+ 37. Kc1 Qxh5 38. Qb5+ Ke7 39. Qe2+ Qxe2 40.
Nxe2 Kd7 41. Kd2 Kc6 42. Kc3 d5 43. Kd3 Kb5 44. Nc3+ Kc6 45. Nb1 Kd6 46. Nd2 Kc6 47. Nf3 Kd6 48. Kc3 c4 49. Nd4 c5 50. Nc2 Kc6 51.
Ne3 d4+ 52. Kxc4 dxe3 53. Kd3 Kb5 54. Kxe3 Kc4 55. Kd2 Kb3 56. Kc1 c4 57. Kb1 c3 58.
bxc3 Kxc3 59. Ka2 Kc4 60. Kb2 Kb5 61. Kb3 Ka6 62. a4 Ka7 63. Kb4 Ka8 64. a5 Ka7 65.
Kb5 Ka8 66. a6 Ka7 67. Ka5 Ka8 68. Kb6 Kb8 69. Kb5 Ka8 70. Kc5 Kb8 71. Kd4 Ka8 72.
Ke3 Kb8 73. Ke2 Ka8 74. Kf2 Ka7 75. Kg1 Kxa6 1/2-1/2

[Event "Late-Titled-Tuesday-Blitz-September-26-2023"]
[Site "Chess.com"]
[Date "2023.09.26"]
[Round "11"]
[White "WPWPWP-2015"]
[Black "wild3000"]
[Result "1-0"]
[WhiteElo "2509"]
[BlackElo "2351"]
[TimeControl "180+1"]
[EndTime "16:00:05 PDT"]
[Termination "WPWPWP-2015 won by checkmate"]

1. e4 a6 2. d4 e6 3. Nf3 d5 4. Bd3 dxe4 5. Bxe4 Nd7 6. c3 Be7 7. O-O Ngf6 8. Bc2 O-O 9. b4 a5 10. b5 c5 11. bxc6 bxc6 12. Re1 c5 13. Ne5 Bb7 14. Be3 Nxe5 15. dxe5 Qxd1 16. Rxd1 Nd5 17. Bd2 c4 18. a4 Rfd8 19. Na3 Rac8 20. Nb5 g5 21. g3 Kg7 22.
Be4 Bc6 23. Rab1 Rb8 24. Bg2 Rb6 25. Ra1 Rdb8 26. Nd4 Bd7 27. Bf1 Rc8 28. Rdb1 Rxb1 29. Rxb1 Bxa4 30. Ra1 Nb6 31. Be3 Bb3 32. Rxa5 Nd7 33.
Ra7 Rd8 34. Nc6 Re8 35. Rxd7 Kf8 36. Rxe7 Rxe7 37. Bc5 Kg7 38. Bxe7 h6 39. Nd4 Ba2 40. Bf6+ Kf8 41. Be2 Kg8 42. f3 Kh7 43. Kg2 Kg6 44. h3 h5 45. Kf2 Kh6 46. h4 gxh4 47.
gxh4 Kg6 48. Kg3 Kh6 49. Kf4 Kg6 50. Bd1 Kh6 51. Be7 Kg6 52. Bc2+ Kh6 53. Bf8# 1-0

[Event "Late-Titled-Tuesday-Blitz-September-26-2023"]
[Site "Chess.com"]
[Date "2023.09.26"]
[Round "11"]
[White "nitpicker"]
[Black "Nekoo04"]
[Result "1-0"]
[WhiteElo "2252"]
[BlackElo "2296"]
[TimeControl "180+1"]
[EndTime "16:00:05 PDT"]
[Termination "nitpicker won on time"]

1. d4 d5 2. c4 e6 3. Nf3 Nf6 4. g3 Bb4+ 5. Bd2 Be7 6. Bg2 O-O 7. Qc2 Nbd7 8. O-O c6 9. Rd1 b6 10.
Bf4 Bb7 11. Nc3 Rc8 12. Nd2 c5 13. dxc5 bxc5 14. cxd5 exd5 15. Nc4 Nb6 16. Ne3 Ba8 17. Nf5 d4 18. Bxa8 Rxa8 19. e3 g6 20. Nxe7+ Qxe7 21. exd4 cxd4 22. Rxd4 Rfd8 23. Rad1 Rxd4 24. Rxd4 Re8 25.
Qd2 Ng4 26. h3 Ne5 27. Re4 1-0

[Event "Late-Titled-Tuesday-Blitz-September-26-2023"]
[Site "Chess.com"]
[Date "2023.09.26"]
[Round "11"]
[White "ozates"]
[Black "lefonghua"]
[Result "1-0"]
[WhiteElo "2552"]
[BlackElo "2624"]
[TimeControl "180+1"]
[EndTime "16:00:06 PDT"]
[Termination "ozates won on time"]

1. e4 c5 2. Nf3 g6 3. c3 Nc6 4. d4 d5 5. exd5 Qxd5 6. Na3 Bg4 7. Nb5 O-O-O 8. Be2 cxd4 9. Nbxd4 Nxd4 10. cxd4 Nf6 11. O-O Kb8 12. Bf4+ Ka8 13. Rc1 Bg7 14.
Rc7 Rd7 15. Rxd7 Nxd7 16. h3 Bf5 17. b3 Rc8 18. Bc4 Qe4 19. Be3 Qc6 20. Qe2 Be4 21.
Rc1 Bxf3 22. gxf3 Qf6 23. Rc2 Nb6 24. d5 Nxc4 25. Rxc4 Qf5 26. Kg2 b6 27. Rc6 Kb7 28. Qb5 Rxc6 29. Qxc6+ Kb8 30. Qe8+ Qc8 31. Qxe7 Qf5 32.
d6 Bf6 33. Qe8+ 1-0

[Event "Late-Titled-Tuesday-Blitz-September-26-2023"]
[Site "Chess.com"]
[Date "2023.09.26"]
[Round "11"]
[White "Harsha_Bharathakoti"]
[Black "mishanick"]
[Result "0-1"]
[WhiteElo "2911"]
[BlackElo "3092"]
[TimeControl "180+1"]
[EndTime "16:00:17 PDT"]
[Termination "mishanick won by resignation"]

1. Nf3 d5 2. g3 Nf6 3. Bg2 e6 4. O-O Be7 5. c4 O-O 6. b3 d4 7. e3 c5 8. exd4 cxd4 9. Ne5 Qc7 10. Re1 Nfd7 11. Nf3 Nc6 12. Bb2 e5 13. d3 Nc5 14.
Ba3 Bg4 15. h3 Bh5 16. Bxc5 Bxc5 17. a3 a5 18. Nbd2 f5 19. Qc2 Rad8 20. Ng5 e4 21.
Ne6 Qe7 22. Nxd8 Rxd8 23. dxe4 d3 24. Qa2 Bxf2+ 25. Kxf2 Qc5+ 26. Re3 fxe4 27. g4 Rf8+ 28. Bf3 Ne5 29. gxh5 Nxf3 30. Nxe4 Ng5+ 0-1

[Event "Late-Titled-Tuesday-Blitz-September-26-2023"]
[Site "Chess.com"]
[Date "2023.09.26"]
[Round "11"]
[White "karinachess1"]
[Black "ChadBiryani"]
[Result "1-0"]
[WhiteElo "2624"]
[BlackElo "2502"]
[TimeControl "180+1"]
[EndTime "16:00:26 PDT"]
[Termination "karinachess1 won by checkmate"]

1. d4 d5 2. c4 c6 3. Nf3 Nf6 4. g3 e6 5. Bg2 dxc4 6. Ne5 Bd6 7. Nxc4 Bc7 8. O-O O-O 9. Nc3 Nbd7 10. e4 h6 11. e5 Nd5 12. Ne4 b6 13. b3 f6 14. Ba3 fxe5 15. Bxf8 Kxf8 16. dxe5 Nxe5 17. Qh5 Nf7 18. Rad1 Qe7 19. Rfe1 Bd7 20. Qg6 Re8 21. Ne3 Bc8 22. Qh7 Ng5 23. Nxg5 Qxg5 24. Nxd5 cxd5 25.
Rxd5 Qf6 26. Rd3 Ke7 27. h4 e5 28. Rf3 Qe6 29. Qxg7+ Kd8 30. Rd1+ Bd7 31. Rf7 Re7 32.
Qf8+ Re8 33. Rfxd7+ Qxd7 34. Rxd7+ Kxd7 35. Bc6+ Kxc6 36. Qxe8+ Kd6 37. Qg6+ Kd5 38. Qxh6 Bd6 39. Qg6 Bc5 40. h5 Kd4 41. h6 e4 42. h7 Kc3 43. h8=Q+ Kb4 44. Qxe4+ Ka3 45. Qa4# 1-0

[Event "Late-Titled-Tuesday-Blitz-September-26-2023"]
[Site "Chess.com"]
[Date "2023.09.26"]
[Round "11"]
[White "GoltsevDmitry2000"]
[Black "Beca95"]
[Result "1-0"]
[WhiteElo "2632"]
[BlackElo "2880"]
[TimeControl "180+1"]
[EndTime "16:00:27 PDT"]
[Termination "GoltsevDmitry2000 won by resignation"]

1. e4 c5 2. Nf3 e6 3. d4 cxd4 4.
Nxd4 a6 5. Nc3 b5 6. a3 Bb7 7. Be2 Nc6 8. O-O Nxd4 9. Qxd4 Qc7 10. Be3 Rc8 11. Rad1 Nf6 12. f4 Bc5 13. Qxc5 Qxc5 14. Bxc5 Rxc5 15. Bf3 e5 16. fxe5 Rxe5 17. Rd6 Ke7 18.
Rfd1 Rc8 19. Rb6 Rc7 20. Kf2 Bc8 21. Rd2 Rc6 22. Rb8 d6 23. h3 h6 24. Nd5+ Nxd5 25. exd5 Rc7 26. c3 Bd7 27. Ra8 Bc8 28. Rb8 Bb7 29. Re2 Rxe2+ 30. Kxe2 Bc8 31. Ke3 f5 32. Be2 Kf6 33. Kd4 Kg5 34. Rb6 Rd7 35. g3 Kf6 36. c4 bxc4 37. Bxc4 Rb7 38. Rxd6+ Ke7 39. Rxa6 Rxb2 40. Ra7+ Kf6 41. Rc7 Bb7 42. d6 Be4 43.
Rf7+ Kg6 44. d7 Rd2+ 45. Kc5 1-0

[Event "Late-Titled-Tuesday-Blitz-September-26-2023"]
[Site "Chess.com"]
[Date "2023.09.26"]
[Round "11"]
[White "laskakid"]
[Black "NigelDwarf"]
[Result "0-1"]
[WhiteElo "2330"]
[BlackElo "2526"]
[TimeControl "180+1"]
[EndTime "16:00:29 PDT"]
[Termination "NigelDwarf won by resignation"]

1. d4 Nf6 2. c4 a6 3. Nc3 c5 4.
Nf3 cxd4 5. Nxd4 Nc6 6. g3 Qb6 7. Nb3 Ne5 8. e4 e6 9. Be3 Qc7 10. Rc1 Bb4 11. Nd2 Neg4 12. Bf4 e5 13. Bg5 Bc5 14. Bxf6 Nxf2 15. Qf3 gxf6 16. Nd5 Qd6 17. b4 Bd4 18. c5 Qc6 19. Nxf6+ Kd8 20. Nd5 Nxh1 21.
Qxf7 Re8 22. Be2 Nf2 23. Bh5 Qe6 24. Qxe8+ Qxe8 25. Bxe8 Nd3+ 26. Kd1 Nxc1 27. Kxc1 a5 28. Nb6 Ra6 29. b5 Rxb6 30. cxb6 Kxe8 31. Nc4 Ke7 32.
Nxa5 Bxb6 33. Nc4 Bd4 34. a4 d6 35. Nb6 Bxb6 36. Kd2 Ba5+ 37. Kd3 Be6 38. Ke3 Kd7 39. Kf3 d5 40. exd5 Bxd5+ 0-1

[Event "Late-Titled-Tuesday-Blitz-September-26-2023"]
[Site "Chess.com"]
[Date "2023.09.26"]
[Round "11"]
[White "Hrant_ChessMood"]
[Black "SpeedofLight0"]
[Result "0-1"]
[WhiteElo "2910"]
[BlackElo "3048"]
[TimeControl "180+1"]
[EndTime "16:00:32 PDT"]
[Termination "SpeedofLight0 won on time"]

1. d4 d5 2. c4 e6 3. Nf3 Nf6 4. Nc3 dxc4 5. e4 Bb4 6. Bxc4 Nxe4 7. O-O Nxc3 8. bxc3 Be7 9. Qe2 O-O 10. Rd1 Nc6 11. Bd3 Bf6 12. Bb2 Ne7 13. c4 Bd7 14. Ne5 Ba4 15.
Rd2 Ng6 16. Be4 Rb8 17. g3 Qd6 18. h4 Rfd8 19. Ng4 Be7 20. h5 Nf8 21. c5 Qa6 22.
Bd3 Qc6 23. h6 Ng6 24. hxg7 Qd5 25. Be4 Bb5 26. Bxd5 Bxe2 27. Bxe6 Bf3 28. d5 Bg5 29. Rd3 Be2 30. Bf5 Bxd3 31. Bxd3 Rxd5 32. Bc4 Rxc5 33.
Bb3 h5 34. Nh2 Rc6 35. Nf3 Bf6 36. Rb1 Bxb2 37. Rxb2 Kxg7 38. Nd4 Rf6 39. Bc2 Ne7 40. Kg2 Rd8 41. Nf3 b6 42. Be4 Re6 0-1

[Event "Late-Titled-Tuesday-Blitz-September-26-2023"]
[Site "Chess.com"]
[Date "2023.09.26"]
[Round "11"]
[White "jk13"]
[Black "FERNANDEZL1983"]
[Result "0-1"]
[WhiteElo "2616"]
[BlackElo "2548"]
[TimeControl "180+1"]
[EndTime "16:00:32 PDT"]
[Termination "FERNANDEZL1983 won by resignation"]

1. e4 c5 2. c3 d6 3. d4 Nf6 4. Bd3 Nc6 5. Nf3 g6 6. h3 Bg7 7.
dxc5 dxc5 8. O-O O-O 9. Qe2 Qc7 10. Re1 a6 11. a4 Nh5 12. e5 f5 13. Bc4+ Kh8 14. Qe3 Na5 15. Ba2 f4 16. Qe2 c4 17.
Nbd2 Be6 18. Bb1 Rad8 19. Bc2 Bg8 20. Nd4 Rd5 21. N2f3 Nc6 22. Qxc4 Rxd4 23. Qe2 Bc4 24. cxd4 Bxe2 25. Rxe2 Nb4 26. Be4 Qc4 27. Kf1 Rc8 28. Bd2 Nd3 29. Bc3 b5 30. Nd2 Qe6 31. Bxd3 f3 32. Nxf3 Nf4 33. Rd2 Nxd3 34. Rxd3 b4 35.
Be1 Qc4 36. Rd1 Bh6 37. b3 Qd5 38. Bxb4 Rb8 39. Bxe7 Rxb3 40. Bf6+ Kg8 41. g3 Rxd3 42. Rxd3 Qc4 43. Ne1 Bd2 44. Ke2 Bxe1 45. d5 Qc2+ 46. Ke3 Bxf2+ 47. Ke4 Qc4+ 48. Kf3 Qxd3+ 49. Kxf2 Qxd5 0-1

[Event "Late-Titled-Tuesday-Blitz-September-26-2023"]
[Site "Chess.com"]
[Date "2023.09.26"]
[Round "11"]
[White "Chempiblinka"]
[Black "Herman-NY"]
[Result "0-1"]
[WhiteElo "2305"]
[BlackElo "2504"]
[TimeControl "180+1"]
[EndTime "16:00:34 PDT"]
[Termination "Herman-NY won on time"]

1. Nf3 Nf6 2. c4 g6 3. g3 Bg7 4. Bg2 O-O 5. d4 d6 6. O-O c5 7. d5 b5 8. Nbd2 b4 9. Re1 a5 10. e4 Nfd7 11. Rb1 a4 12. Nf1 Nb6 13. Ne3 Ba6 14.
b3 axb3 15. axb3 N8d7 16. Ng4 Bxc4 17. bxc4 Nxc4 18. Bh6 Bc3 19. Bxf8 Qxf8 20. Re2 Qg7 21. Ne3 Ndb6 22. h4 Na3 23. Rc1 Nb5 24. h5 c4 25.
hxg6 hxg6 26. e5 dxe5 27. Ng5 Nd6 28. Ne4 Nxe4 29. Bxe4 f5 30. Bb1 e4 31. d6 Rd8 32.
Qc2 Rxd6 0-1

[Event "Late-Titled-Tuesday-Blitz-September-26-2023"]
[Site "Chess.com"]
[Date "2023.09.26"]
[Round "11"]
[White "PepeCuenca"]
[Black "TatjanaVasilevich"]
[Result "1-0"]
[WhiteElo "2706"]
[BlackElo "2590"]
[TimeControl "180+1"]
[EndTime "16:00:45 PDT"]
[Termination "PepeCuenca won by checkmate"]

1. c4 e5 2. Nc3 Nf6 3. Nf3 Nc6 4. e4 Bc5 5. Nxe5 Nxe5 6. d4 Bb4 7. dxe5 Nxe4 8. Qf3 Nxc3 9. bxc3 Ba5 10. Bf4 O-O 11.
Be2 Qe7 12. O-O d6 13. exd6 cxd6 14. Rad1 Rd8 15. Rfe1 Be6 16. Qg3 Qf6 17. Rc1 h6 18. Red1 Rac8 19. Bxd6 Bxc4 20. Be5 Qg6 21. Rxd8+ Bxd8 22. Qxg6 fxg6 23. Bxc4+ Rxc4 24. Kf1 Bf6 25. Bxf6 gxf6 26. Ke2 b5 27. Kd3 a6 28. Rb1 Kf7 29.
Rb4 Rxb4 30. cxb4 Ke6 31. Kd4 Kd6 32. f4 g5 33. Ke4 Ke6 34. g4 gxf4 35. h4 f3 36.
Kxf3 Ke5 37. Ke3 Kd5 38. Kf4 Ke6 39. Ke4 Ke7 40. Kf5 Kf7 41. h5 Ke7 42. Kg6 f5 43. gxf5 a5 44. a3 axb4 45. axb4 Kd6 46. f6 Kd5 47. f7 Kc4 48. f8=Q Kb3 49. Qc5 Ka4 50.
Kxh6 Kb3 51. Qxb5 Kc3 52. Qc5+ Kb3 53. b5 Ka4 54. b6 Kb3 55. b7 Ka4 56. Kg7 Kb3 57.
b8=Q+ Ka4 58. Qca7# 1-0

[Event "Late-Titled-Tuesday-Blitz-September-26-2023"]
[Site "Chess.com"]
[Date "2023.09.26"]
[Round "11"]
[White "snowlord"]
[Black "QuintilianoR"]
[Result "0-1"]
[WhiteElo "2863"]
[BlackElo "2682"]
[TimeControl "180+1"]
[EndTime "16:00:46 PDT"]
[Termination "QuintilianoR won on time"]

1. e4 c5 2. Nf3 d6 3. Bb5+ Bd7 4.
Be2 Nf6 5. Nc3 e5 6. Bc4 Be7 7. d3 O-O 8. O-O a6 9. a4 Nc6 10. Bd2 Rb8 11. b3 Bg4 12. h3 Bxf3 13. Qxf3 b5 14.
axb5 axb5 15. Bd5 Nd4 16. Qd1 b4 17. Ne2 Nxd5 18. exd5 Qc7 19. f4 Bf6 20. Ng3 g6 21. Ne4 Bg7 22. fxe5 Bxe5 23. Bh6 f5 24. Bxf8 fxe4 25.
Bh6 Nf5 26. Bg5 Bxa1 27. Qxa1 exd3 28. cxd3 Re8 29. Qf6 Qg7 30. Ra1 Qxf6 31. Bxf6 Ne3 32. Ra7 Nxd5 33. Bg5 Re1+ 34. Kf2 Rb1 35. Bh6 Rxb3 36.
Ke2 Rb2+ 37. Kf3 Rb1 38. g4 b3 0-1

[Event "Late-Titled-Tuesday-Blitz-September-26-2023"]
[Site "Chess.com"]
[Date "2023.09.26"]
[Round "11"]
[White "Bauman_Guy"]
[Black "FairChess_on_YouTube"]
[Result "1/2-1/2"]
[WhiteElo "2875"]
[BlackElo "3074"]
[TimeControl "180+1"]
[EndTime "16:00:50 PDT"]
[Termination "Game drawn by agreement"]

1. e4 e6 2. d4 d5 3. Nc3 Nc6 4. Nf3 Nf6 5. e5 Ne4 6. Bd3 Bb4 7. Bd2 Nxd2 8. Qxd2 Be7 9. Ne2 Nb4 10. c3 Nxd3+ 11.
Qxd3 a5 12. h4 b6 13. Nf4 Ba6 14. Qe3 Qd7 15. Nh5 O-O-O 16. a4 Qc6 17. Rh3 Kb7 18. Rg3 Rdg8 19. Nxg7 h5 20. Nxh5 Rxg3 21. Nxg3 Bxh4 22. Nxh4 Rxh4 23. f3 Qc4 24. Kf2 Qb3 25. Qd2 c5 26. Ra3 Qc4 27. b3 Qd3 28. Qxd3 Bxd3 29. Ke3 Bc2 30.
Kd2 Rh2 31. Ke3 Rxg2 32. Ra2 Rxg3 33. Rxc2 Rg1 34. Rh2 Rb1 35. Rh7 Rxb3 36. Rxf7+ Kc6 37. Kd3 cxd4 38. Kxd4 Ra3 39. Re7 Rxa4+ 40. Kd3 Ra3 41. Rxe6+ Kc5 42. Re8 d4 43. Rc8+ Kd5 44. Rd8+ Kxe5 45.
Rxd4 b5 46. Kc2 b4 47. Re4+ Kd5 48. cxb4 Rxf3 49. Rh4 axb4 50. Rxb4 1/2-1/2